 Dungeon Crawl Stone Soup version 0.30-a0-1094-g860fb061e7 (webtiles) character file.

Game seed: 5918061359748195506

7336 Firecrotchwizard the Fighter (level 11, -4/87 HPs)
             Began as a Djinni Fire Elementalist on Apr 18, 2023.
             Was a Believer of Makhleb.
             Slain by a komodo dragon (27 damage)
             ... on level 9 of the Dungeon.
             The game lasted 00:27:57 (9863 turns).

Firecrotchwizard the Fighter (DjFE)                 Turns: 9863, Time: 00:27:58

Health: -4/87      AC:  7    Str:  9    XL:     11   Next: 35%
Gold:   217        EV: 12    Int: 21    God:    Makhleb [**....] SH:  0 Dex: 17

rFire   + + .      SeeInvis .    z - +10 dagger of Duty {vamp, Str+2 Dex+3}
rCold   x . .      Faith    .    (no shield)
rNeg    . . .      Spirit   .    a - +0 robe
rPois   ∞          Reflect  .    P - +0 helmet
rElec   .          Rampage  .    H - +2 cloak
rCorr   +                        q - +0 pair of gloves
Will    +....                    (boots unavailable)
Stlth   ++                       K - amulet of regeneration
HPRegen 1.14/turn                l - ring of resist corrosion
MPRegen 0.00/turn                (no ring)

@: flying, hasted, very quick
A: sickness immunity, fire resistance 2, cold vulnerability 1, float, innate
caster, HP casting, extra vitality 1
a: Renounce Religion, Minor Destruction


You were on level 9 of the Dungeon.
You worshipped Makhleb.
Makhleb was pleased with you.
You visited 2 branches of the dungeon, and saw 11 of its levels.

You collected 427 gold pieces.
You spent 210 gold pieces at shops.

Inventory:

Hand Weapons
 s - a +0 dagger
 x - a +2 falchion of holy wrath
 y - a +2 heavy mace
 z - the +10 dagger of Duty (weapon) {vamp, Str+2 Dex+3}
   (You found it on level 7 of the Dungeon)

   Str:       It affects your strength (+2).
   Dex:       It affects your dexterity (+3).
 F - a +2 rapier of electrocution
Missiles
 c - 5 javelins
 f - 37 poisoned darts
 o - a throwing net {@!f}
Armour
 a - a +0 robe (worn)
 q - a +0 pair of gloves (worn)
 H - a +2 cloak (worn)
 P - a +0 helmet (worn)
Jewellery
 l - a ring of resist corrosion (left hand)
 K - an amulet of regeneration (around neck)
Wands
 e - a wand of polymorph (6)
 i - a wand of digging (4)
 B - a wand of roots (2)
 I - a wand of flame (10)
Scrolls
 p - 3 scrolls of butterflies {unknown}
 u - 4 scrolls of immolation
 v - 3 scrolls of poison
 w - a scroll of enchant weapon
 D - a scroll of noise
Potions
 b - 3 potions of lignification
 d - 2 potions of ambrosia
 g - 7 potions of curing
 j - 2 potions of magic
 k - a potion of invisibility {unknown}
 m - 3 potions of haste
 n - 3 potions of brilliance
 r - 2 potions of mutation
 t - a potion of flight {unknown}
 A - 2 potions of attraction
 E - 2 potions of berserk rage
 G - a potion of resistance
 J - a potion of might {unknown}
 M - a potion of heal wounds
 N - a potion of cancellation


   Skills:
 + Level 11.0 Fighting
 - Level 2.1 Dodging
 - Level 1.5 Stealth
 + Level 8.9 Spellcasting
 + Level 6.2 Invocations


You knew the following spells:

 Your Spells              Type           Power      Damage    Failure   Level
a - Foxfire               Conj/Fire      100%       2x1d9     1%          1
b - Scorch                Fire           94%        2d8       1%          2
c - Volatile Blastmotes   Fire/Tloc      94%        2d17      1%          3
d - Inner Flame           Hex/Fire       47%        N/A       1%          3
e - Flame Wave            Conj/Fire      47%        2d12      1%          4
f - Shock                 Conj/Air       100%       1d9       1%          1
g - Wereblood             Tmut           47%        N/A       1%          2
h - Call Imp              Summ           94%        N/A       1%          2
i - Animate Dead          Necr           47%        N/A       1%          4
j - Ice Form              Ice/Tmut       47%        N/A       1%          4
Your spell library was empty.

Dungeon Overview and Level Annotations

Branches:
Dungeon (10/15)            Temple (0/1) D:7            Lair (1/5) D:9
    Orc: D:9-12

Altars:
Cheibriados
Fedhas
Gozag
Hepliaklqana
Makhleb
Okawaru
Qazlal
Ru
Wu Jian
Xom

Shops:
D:1 *

Annotations:
D:4 exclusion: statue
D:6 1 runed translucent door, Crazy Yiuf


Innate Abilities, Weirdness & Mutations

You are immune to sickness and miasma.
You are immune to poison.
Your flesh is very heat resistant. (rF++)
You are vulnerable to cold. (rC-)
You float through the air rather than walking.
You learn spells naturally, not from books.
Your magical power is your life essence.
You have superior vitality. (+4 MHP)


Message History

As you read the scroll labelled HOAS HOHIQOORPH, it crumbles to dust.
It is a scroll of amnesia.
You feel forgetful for a moment.
An orc priest comes into view. It is wielding a +0 war axe.
The orc priest mumbles some strange prayers to Beogh against you.
Beogh smites you!
You fly upwards.
There is a stone staircase leading down here.
Okay, then.
Okay, then.
You start resting.
HP restored.
(D) Dungeon (T) Temple (L) Lair
Where to? (Enter - D:10, ? - help)
What level of the Lair of Beasts? (default 1, ? - help)
You feel your willpower return.
There is an open door here.
There is a staircase to the Lair here.
You fly downwards.
Welcome to the Lair of Beasts!
You hear a distant snort.
Hark!
There is a gateway to a gauntlet on this level.
Find the entrance quickly before the gate is sealed!
The komodo dragon hisses angrily.
Found a leather armour.
There is a staircase back to the Dungeon here.
Casting: Foxfire (safe; 1% risk of failure)
Confirm with . or Enter, or press ? or * to list all spells.
Okay, then.
Casting: Foxfire (safe; 1% risk of failure)
Confirm with . or Enter, or press ? or * to list all spells.
A tiny devil pulls itself out of the air.
The blink frog croaks.
You hear a loud, deep croak!
A blink frog comes into view.
A cane toad comes into view.
You hear a croak.
The blink frog croaks.
Casting: Call Imp (safe; 1% risk of failure)
Confirm with . or Enter, or press ? or * to list all spells.
A tiny devil pulls itself out of the air.
Your cerulean imp disappears in a puff of smoke!
A blink frog comes into view.
Casting: Call Imp (safe; 1% risk of failure)
Confirm with . or Enter, or press ? or * to list all spells.
A tiny devil pulls itself out of the air.
Your cerulean imp disappears in a puff of smoke!
The blink frog blinks!
A blink frog comes into view.
Casting: Call Imp (safe; 1% risk of failure)
Confirm with . or Enter, or press ? or * to list all spells.
A tiny devil pulls itself out of the air.
Your cerulean imp disappears in a puff of smoke!
Casting: Call Imp (safe; 1% risk of failure)
Confirm with . or Enter, or press ? or * to list all spells.
Okay, then.
Casting: Call Imp (safe; 1% risk of failure)
Confirm with . or Enter, or press ? or * to list all spells.
There's already a cloud here!
Casting: Volatile Blastmotes (safe; 1% risk of failure)
Confirm with . or Enter, or press ? or * to list all spells.
Okay, then.
Casting: Volatile Blastmotes (safe; 1% risk of failure)
Confirm with . or Enter, or press ? or * to list all spells.
Aiming: Inner Flame (safe; 1% risk of failure)
Press: ? - help, Dir - move target, f - blink frog
Aim: a blink frog (chance to affect: 83%)
The blink frog is filled with an inner flame.
Your cerulean imp hits the komodo dragon but does no damage.
The blink frog barely misses you.
The blink frog hits you but does no damage.
Casting: Inner Flame (safe; 1% risk of failure)
Confirm with . or Enter, or press ? or * to list all spells.
Casting: Flame Wave (dangerous; 1% risk of failure)
Press: ? - help, Dir - look around, f - activate A wave of flame ripples out!
The flame wave engulfs the blink frog!
Flame seeps out of the blink frog.
The blink frog is heavily wounded.
The flame wave engulfs the blink frog!
The blink frog is heavily wounded. (Press . to intensify the flame waves.)
The blink frog barely misses you.
The blink frog blinks! x2
Your cerulean imp hits the komodo dragon from afar with a +1 spear.
Really fire at your cerulean imp?
Okay, then.
You stop channeling waves of flame.
The blink frog hits you! The cane toad stings you.
The komodo dragon bites you!!
* * * LOW HITPOINT WARNING * * *
Your cerulean imp hits the komodo dragon from afar with a +1 spear.
The blink frog blinks!
The blink frog hits you but does no damage.
The cane toad stings you but does no damage.
The blink frog barely misses you. The blink frog hits you!
* * * LOW HITPOINT WARNING * * *
The komodo dragon barely misses you.
Your cerulean imp closely misses the komodo dragon.
You fly upwards.
Welcome back to the Dungeon!
There is a staircase to the Lair here.
Okay, then.
Okay, then.
Okay, then.
Okay, then.
You feel yourself speed up. The cane toad misses you.
The blink frog misses you. The komodo dragon bites you!!
You die...

#..# #..........#.## ## ##.#
##............## ###. ####.##
##.......#..[...# #...
......###...............##
###.##
<.....##.[..#.#...#......###...#
......#...[..##..#.#..:...##.###
#####.#...#..##...###.#....#[#
#####........#.....#......##.#
.....[.........F@..........#.#
######....#..#.lF............#
..........#.###...###.....#.##
#.....#......#.#.###........#
#.###.#.......#...#.#.......#
#.###.#.#................##.#
....#.####....~...~....####.#
....#..................####.#
....#######~........#####...#


You could see a komodo dragon, a cane toad and a blink frog.

Vanquished Creatures
  An ugly thing (D:9)
  Maurice (D:8)
  A rime drake (D:9)
  A polar bear (D:9)
  A wyvern (D:8)
  Sigmund (D:5)
  6 yaks (D:8)
  Eustachio (D:6)
  Duvessa (D:6)
  A water moccasin (D:6)
  8 ice beasts
  A black bear (D:6)
  2 orc warriors
  3 wolves (D:9)
  2 phantoms (D:5)
  3 kobold brigands
  7 bullfrogs
  2 gnoll sergeants (D:9)
  4 scorpions
  Dowan (D:6)
  12 killer bees
  A howler monkey (D:8)
  3 electric eels (D:6)
  4 crimson imps (D:9)
  7 hounds
  3 gnoll boudas
  9 orc priests
  2 jellies
  3 iguanas
  3 sleepcaps
  6 orc wizards
  5 adders
  20 gnolls
  4 river rats (D:6)
  A shadow imp (D:6)
  2 white imps
  An ufetubus (D:5)
  A worm (D:3)
  22 orcs
  12 ball pythons
  3 bats
  5 endoplasms
  A giant cockroach (D:4)
  7 goblins
  9 hobgoblins
  5 jackals
  2 quokkas (D:4)
  4 frilled lizards
  19 kobolds
  7 rats
231 creatures vanquished.

Vanquished Creatures (collateral kills)
  2 foxfires (D:2)
2 creatures vanquished.

Vanquished Creatures (others)
  593 foxfires
  A fungus (D:6)
  19 plants
613 creatures vanquished.

Grand Total: 846 creatures vanquished

Notes
Turn   | Place    | Note
-------+----------+-------------------------------------------
     0 | D:1      | Firecrotchwizard the Djinni Fire Elementalist began the
                  | quest for the Orb.
     0 | D:1      | Firecrotchwizard set off with the following spells
                  | memorised: Foxfire, Scorch, Volatile Blastmotes, Inner
                  | Flame, Flame Wave.
     0 | D:1      | Reached XP level 1. HP: 15/15 MP: 0/0
   141 | D:1      | Reached skill level 1 in Fighting
   141 | D:1      | Reached XP level 2. HP: 21/22 MP: 0/0
   274 | D:1      | Found Uclyel's Assorted Antiques.
   770 | D:2      | Reached XP level 3. HP: 27/27 MP: 0/0
   770 | D:2      | Learned a level 1 spell: Shock
  1137 | D:2      | Reached skill level 2 in Fighting
  1164 | D:2      | Reached XP level 4. HP: 19/33 MP: 0/0
  1603 | D:3      | Reached XP level 5. HP: 16/40 MP: 0/0
  1603 | D:3      | Learned a level 2 spell: Wereblood
  1638 | D:3      | Reached skill level 3 in Fighting
  1738 | D:3      | Found a faded altar of an unknown god.
  2135 | D:4      | Reached XP level 6. HP: 38/47 MP: 0/0
  2398 | D:4      | Reached skill level 4 in Fighting
  3047 | D:5      | Entered Level 5 of the Dungeon
  3053 | D:5      | Reached XP level 7. HP: 45/53 MP: 0/0
  3053 | D:5      | Learned a level 2 spell: Call Imp
  3202 | D:5      | Noticed Sigmund
  3315 | D:5      | Reached skill level 5 in Fighting
  3321 | D:5      | Killed Sigmund
  3322 | D:5      | Reached skill level 5 in Spellcasting
  3322 | D:5      | Reached XP level 8. HP: 33/60 MP: 0/0
  3486 | D:5      | Reached skill level 6 in Fighting
  4128 | D:6      | Reached skill level 7 in Fighting
  4191 | D:6      | Reached XP level 9. HP: 55/68 MP: 0/0
  4191 | D:6      | Learned a level 4 spell: Animate Dead
  4251 | D:6      | Found a snail-covered altar of Cheibriados.
  4253 | D:6      | Found an ornate altar of the Wu Jian Council.
  4408 | D:6      | Noticed Eustachio
  4414 | D:6      | Killed Eustachio
  4603 | D:6      | Found a sacrificial altar of Ru.
  4615 | D:6      | Reached skill level 8 in Fighting
  4680 | D:6      | Found an opulent altar of Gozag.
  4721 | D:6      | Found a blossoming altar of Fedhas.
  4724 | D:6      | Found a burning altar of Makhleb.
  4727 | D:6      | Became a worshipper of Makhleb the Destroyer
  4844 | D:6      | Noticed Duvessa
  4852 | D:6      | Killed Duvessa
  4852 | D:6      | Noticed Dowan
  4856 | D:6      | Killed Dowan
  4868 | D:6      | Found a glowing drain.
  5711 | D:6      | Found a runed translucent door.
  5712 | D:6      | Noticed Crazy Yiuf
  5845 | D:1      | Bought a runed cloak for 210 gold pieces
  6399 | D:7      | Identified the +10 dagger of Duty {vamp, Str+2 Dex+3}
  6546 | D:7      | Reached skill level 9 in Fighting
  6579 | D:7      | Found a staircase to the Ecumenical Temple.
  6823 | D:8      | Reached * piety under Makhleb
  6830 | D:8      | Reached skill level 1 in Invocations
  6830 | D:8      | Reached XP level 10. HP: 45/78 MP: 0/0
  7017 | D:8      | Found an iron altar of Okawaru.
  7138 | D:8      | HP: 1/79 [yak (9)]
  7247 | D:8      | Found a hazy altar of Hepliaklqana.
  8038 | D:8      | Found a stormy altar of Qazlal.
  8039 | D:8      | Noticed Maurice
  8051 | D:8      | Killed Maurice
  8052 | D:8      | Reached skill level 10 in Fighting
  8575 | D:8      | Reached ** piety under Makhleb
  8697 | D:9      | Noticed a rime drake
  8702 | D:9      | Killed a rime drake
  8703 | D:9      | Reached skill level 5 in Invocations
  8703 | D:9      | Reached XP level 11. HP: 46/86 MP: 0/0
  8703 | D:9      | Learned a level 4 spell: Ice Form
  8766 | D:9      | Noticed a purple ugly thing
  8778 | D:9      | Killed a purple ugly thing
  9148 | D:9      | Found a staircase to the Lair.
  9302 | D:9      | Found a shimmering altar of Xom.
  9314 | D:9      | Reached skill level 11 in Fighting
  9799 | D:10     | Entered Level 10 of the Dungeon
  9853 | Lair:1   | Entered Level 1 of the Lair of Beasts
  9863 | D:9      | Slain by a komodo dragon

Illustrated notes

Levels and vault maps discovered:
D:1:      tarquinn_simple_flora_water_b, layout_basic, serial_shops, shop
D:2:      layout_rooms, cheibrodos_gnoll_hut
D:3:      layout_rooms, chequers_ecumenical_altar_twisty, minivault_23,
          grunt_ministairs_2, minmay_misc_feat_square
D:4:      layout_gridville, vehumet_statue, nicolae_grassy_gnolls
D:5:      layout_rooms, uniq_sigmund
D:6:      wad_lake_hut, layout_basic, grunt_temple_overflow_open, minitemple,
          portal_sewer_entry_b, uniq_duvessa, uniq_crazy_yiuf_cottage,
          uniq_eustachio
D:7:      layout_basic, minmay_temple_entry_gardened_gates
D:8:      layout_loops_ring, mainiacjoe_overflow_surrounded_room,
          mainiacjoe_overflow_cross_hatched, nicolae_hepliaklqana_hazy_memory,
          uniq_maurice
D:9:      layout_basic, led_xom_imps, hellmonk_lair_entry_icy
D:10:     layout_layer_cave, serial_shops, shop, minmay_door_square,
          uniq_harold, uniq_sonja
Lair:1:   gammafunk_lair_enchanted_lake, layout_regular_city,
          gauntlet_entry_generic, serial_bayou_lagoon_a, uniq_maggie

Skill      XL: |  1  2  3  4  5  6  7  8  9 10 11 |
---------------+----------------------------------+-----
Fighting       | 1 2 3 4 5 7 9 10 11 | 11.0
Spellcasting   | 3 4 5 6 7 8 |  8.9
Invocations    | 1 5 6 |  6.2
Dodging        | |  2.1
Stealth        | |  1.5

Action                     |  1- 3 |  4- 6 |  7- 9 | 10-12 || total
---------------------------+-------+-------+-------+-------++-------
  Melee: Unarmed           |     6 |       |       |     1 ||     7
         Dagger            |     7 |     1 |    13 |    56 ||    77
         Falchion          |       |    47 |    31 |       ||    78
         Mace              |       |     2 |     8 |       ||    10
         Punch             |       |     1 |       |     1 ||     2
         Rapier            |       |       |    26 |       ||    26
   Cast: Foxfire           |    40 |    67 |   111 |   133 ||   351
         Scorch            |     1 |    13 |    40 |    57 ||   111
         Call Imp          |       |       |     1 |     4 ||     5
         Shock             |       |       |     6 |       ||     6
         Flame Wave        |       |       |       |     5 ||     5
         Inner Flame       |       |       |       |     3 ||     3
  Evoke: Wand              |       |       |       |     6 ||     6
    Use: Scroll            |       |     7 |     5 |     8 ||    20
         Potion            |       |       |     1 |     3 ||     4
   Stab: Sleeping          |     1 |     4 |     1 |       ||     6
 Armour: Robe              |     3 |    11 |    28 |    26 ||    68
         Skin              |       |       |       |     1 ||     1
  Dodge: Dodged            |    13 |    39 |    63 |    74 ||   189

Table legend: (Time is in decaauts)
 A = Elapsed time spent in this place.
 B = Non-inter-level travel time spent in this place.
 C = Inter-level travel time spent in this place.
 D = Time resting spent in this place.
 E = Time spent auto-exploring this place.
 F = Levels seen in this place.
 G = Mean time per level.
                   A        B        C        D        E       F      G
               +--------+--------+--------+--------+--------+-----+--------+
         Total |   9904 |   9177 |    727 |   2068 |   5614 |  11 |  900.4 |
       Dungeon |   9895 |   9168 |    727 |   2068 |   5614 |  10 |  989.5 |
          Lair |      8 |      8 |      0 |      0 |      0 |   1 |    8.0 |
               +--------+--------+--------+--------+--------+-----+--------+

Top non-repeatable levels by time:
     D:6: 1663 daAuts
     D:8: 1498 daAuts
     D:9: 1430 daAuts
     D:5: 1099 daAuts
     D:4: 1080 daAuts
     D:7: 917 daAuts
     D:3: 763 daAuts
     D:2: 723 daAuts
     D:1: 711 daAuts
  Lair:1: 8 daAuts
    D:10: 7 daAuts
